LOS ANGELES vs VEGAS

Created - June-08-21 at 16:24

Goals
1 2 3 OT1 T
LOS ANGELES 1 1 1 0 3
VEGAS 2 0 1 1 4
Shots
1 2 3 OT1 T
LOS ANGELES 10 9 8 5 32
VEGAS 5 5 5 1 16

1st period

1. VEGAS , Slater Koekkoek 4 (Jonathan Marchessault 25, Josh Anderson 18) at 3:37
2. LOS ANGELES , Mike Hoffman 25 (Nick Bonino 24, Alex Goligoski 34) at 10:51
3. VEGAS , Sam Reinhart 31 (Vladimir Tarasenko 25, Oliver Bjorkstrand 38) at 17:09

Penalties :
Nikita Zadorov (VGK) for Cross-checking (Minor) at 12:27

2nd period

4. LOS ANGELES , Mike Hoffman 26 (Jonathan Toews 46, Ryan McDonagh 30) at 11:08 (PP)

Penalties :
Nikita Zadorov (VGK) for Holding (Minor) at 4:18, Noah Hanifin (VGK) for Hooking (Minor) at 10:50, Josh Manson (LOS) for Tripping (Minor) at 11:25, Max Comtois (VGK) for Roughing (Minor) at 17:05

3rd period

5. LOS ANGELES , Alex Goligoski 7 (Matthew Tkachuk 36, Mika Zibanejad 49) at 7:23 (PP)
6. VEGAS , Jake Muzzin 4 (Jonathan Marchessault 26, Josh Anderson 19) at 16:23 (PP)

Penalties :
Braydon Coburn (VGK) for Holding (Minor) at 7:11, Matthew Tkachuk (LOS) for Boarding (Minor) at 8:49, Tyler Seguin (LOS) for Roughing (Minor) at 13:13, Josh Manson (LOS) for Hooking (Minor) at 15:34, Braydon Coburn (VGK) for Slashing (Minor) at 19:43

Overtime #1

7. VEGAS , Jayce Hawryluk 6 (Oliver Bjorkstrand 39) at 3:34

Penalties :
No Penalty

Goalie Stats

Jaroslav Halak (LOS), 12 saves from 16 shots - (0.750), OTL, 3-2-2, 63:35 minutes
Tristan Jarry (VGK), 29 saves from 32 shots - (0.906), W, 7-6-0, 63:35 minutes

Players Stats for LOS ANGELES

Player Name              G  A  P  +/- PIM S  H  SB GA TA FO     MP     PP MP  PK MP  
------------------------------------------------------------------------------------
Alex Goligoski           1  1  2  -1  0   1  0  3  0  0  0/0    21:42   3:22   3:37 
Artem Anisimov           0  0  0   0  0   1  0  0  0  0  0/2    12:50   0:42   0:00 
Gabriel Bourque          0  0  0   0  0   0  2  0  0  0  0/0     6:48   0:00   0:00 
Johnny Boychuk           0  0  0   0  0   0  1  1  0  0  0/0    13:37   0:42   0:00 
Jonathan Toews           0  1  1  -1  0   4  2  0  0  0  16/23  24:06   4:03   4:35 
Josh Manson              0  0  0   0  4   0  2  1  0  0  0/0    12:53   0:00   0:00 
Kris Letang              0  0  0   0  0   1  3  1  0  0  0/0    26:24   2:39   3:09 
Matthew Tkachuk          0  1  1  -1  2   2  1  0  0  0  0/3    17:19   1:58   0:00 
Mika Zibanejad           0  1  1  -1  0   5  0  0  0  0  15/30  23:26   1:58   4:23 
Mike Hoffman             2  0  2   0  0   5  0  0  0  0  0/0    18:47   4:03   2:11 
Nick Bonino              0  1  1   0  0   0  1  0  0  0  1/1    16:16   4:03   0:00 
Nick Cousins             0  0  0   0  0   0  0  0  0  0  1/1     7:27   0:00   0:39 
Riley Nash               0  0  0   0  0   0  0  0  0  0  4/8     6:48   0:00   0:00 
Ryan McDonagh            0  1  1   0  0   0  1  1  0  0  0/0    22:06   2:39   3:09 
Tim Heed                 0  0  0   0  0   0  0  0  0  0  0/0     5:00   0:42   0:00 
Travis Zajac             0  0  0  -1  0   4  0  1  0  0  9/13   14:57   0:42   0:15 
Tyler Seguin             0  0  0  -1  2   4  0  0  0  0  1/2    18:48   1:58   1:29 
Vladislav Namestnikov    0  0  0   0  0   3  1  0  0  0  0/0    12:50   0:42   0:00 
Zdeno Chara              0  0  0  -2  0   2  1  1  0  0  0/0    23:34   3:22   3:37 

Players Stats for VEGAS

Player Name              G  A  P  +/- PIM S  H  SB GA TA FO     MP     PP MP  PK MP  
------------------------------------------------------------------------------------
Braydon Coburn           0  0  0   2  4   0  1  0  0  0  0/0    17:12   0:00   0:36 
Cody Glass               0  0  0  -1  0   0  0  0  0  0  7/14   12:37   0:00   0:00 
Colin Wilson             0  0  0   0  0   0  0  1  0  0  0/0     6:21   0:00   0:00 
Devon Toews              0  0  0   0  0   1  0  1  0  0  0/0    22:13   3:08   4:19 
Jake Muzzin              1  0  1   0  0   1  2  0  0  0  0/0    24:06   3:38   4:07 
Jayce Hawryluk           1  0  1   1  0   1  3  1  0  0  6/13    7:41   0:00   0:06 
Jonathan Marchessault    0  2  2   1  0   1  0  0  0  0  11/25  19:41   3:17   3:43 
Josh Anderson            0  2  2   1  0   0  2  1  0  0  0/0    20:36   3:17   4:00 
Matt Luff                0  0  0   0  0   0  0  0  0  0  0/0     6:21   0:00   0:00 
Max Comtois              0  0  0  -1  2   1  4  0  0  0  0/1    13:39   0:00   1:03 
Morgan Frost             0  0  0  -1  0   0  0  0  0  0  0/0    12:37   0:00   0:00 
Nikita Zadorov           0  0  0   0  4   1  5  1  0  0  0/0    20:58   3:08   2:28 
Noah Hanifin             0  0  0   0  2   2  0  1  0  0  0/0    24:05   3:38   4:07 
Oliver Bjorkstrand       0  2  2   2  0   2  1  0  0  0  1/1    21:45   3:29   2:10 
Ondrej Kase              0  0  0   1  0   1  0  0  0  0  0/0    15:58   3:17   0:00 
Sam Reinhart             1  0  1   1  0   1  3  0  0  0  11/28  23:06   3:29   4:07 
Slater Koekkoek          1  0  1   1  0   2  3  0  0  0  0/0    16:39   0:00   1:15 
Vladimir Tarasenko       0  1  1   1  0   2  2  0  0  0  0/1    18:21   3:29   0:00 

3 Stars

1 - Mike Hoffman (LOS)
2 - Jayce Hawryluk (VGK)
3 - Oliver Bjorkstrand (VGK)

Power Play

LOS ANGELES - 2 on 6 Attempt(s) - 33.33%
VEGAS - 1 on 4 Attempt(s) - 25.00%

Penalty Kill

LOS ANGELES - 3 on 4 Attempt(s) - 75.00% - Score 0 goal in Penalty Kill
VEGAS - 4 on 6 Attempt(s) - 66.67% - Score 0 goal in Penalty Kill

Team Stat

LOS ANGELES - Hits : 15 - Faceoff Wins : 47 - Blocked Shots : 9 - Penalty Minutes : 8
VEGAS - Hits : 26 - Faceoff Wins : 36 - Blocked Shots : 6 - Penalty Minutes : 12

Official

Referees : Scott Cockwell and Vince Goulet
Linesman : Tony Sericolo and Mark Shewchyk

Game Notes

No Game Note

Finance

Level 1 -- Attendance: 4460 (74.33%) -- Ticket Income $446,000
Level 2 -- Attendance: 3691 (73.82%) -- Ticket Income $221,460
Level 3 -- Attendance: 1856 (92.80%) -- Ticket Income $64,960
Level 4 -- Attendance: 2844 (71.10%) -- Ticket Income $71,100
Luxury Box -- Attendance: 751 (75.10%) -- Ticket Income $150,200
Game was played at the T-Mobile Arena.
Total Attendance: 13602 (75.57%)
Total Ticket Income: $953,720
Total Income: $953,720

LOS ANGELES

5 vs 5 Forward 
   Center                   Left Wing                Right Wing               Time % Phy DF OF 
 1 Mika Zibanejad           Tyler Seguin             Matthew Tkachuk          35     1   2  2  
 2 Jonathan Toews           Nick Bonino              Mike Hoffman             30     1   2  2  
 3 Travis Zajac             Vladislav Namestnikov    Artem Anisimov           25     1   2  2  
 4 Riley Nash               Nick Cousins             Gabriel Bourque          10     1   2  2  

5 vs 5 Defense 
   Defense                  Defense                                           Time % Phy DF OF 
 1 Kris Letang              Ryan McDonagh                                     35     1   2  2  
 2 Zdeno Chara              Alex Goligoski                                    30     1   2  2  
 3 Johnny Boychuk           Josh Manson                                       25     1   2  2  
 4 Tim Heed                 Kris Letang                                       10     1   2  2  

PowerPlay Forward 
   Center                   Left Wing                Right Wing               Time % Phy DF OF 
 1 Mika Zibanejad           Tyler Seguin             Matthew Tkachuk          60     1   2  2  
 2 Jonathan Toews           Nick Bonino              Mike Hoffman             40     1   2  2  

PowerPlay Defense
   Defense                  Defense                                           Time % Phy DF OF 
 1 Kris Letang              Ryan McDonagh                                     60     1   2  2  
 2 Zdeno Chara              Alex Goligoski                                    40     1   2  2  

Penalty Kill 4 Players Forward 
   Center                   Wing                     Time % Phy DF OF 
 1 Mika Zibanejad           Jonathan Toews           60     1   2  2  
 2 Tyler Seguin             Mike Hoffman             40     1   2  2  

Penalty Kill 4 Players Defense
   Defense                  Defense                  Time % Phy DF OF 
 1 Kris Letang              Ryan McDonagh            60     1   2  2  
 2 Zdeno Chara              Alex Goligoski           40     1   2  2  

Penalty Kill - 3 Players Forward 
   Forward                                           Time % Phy DF OF 
 1 Mika Zibanejad                                    60     1   2  2  
 2 Jonathan Toews                                    40     1   2  2  

Penalty Kill - 3 Players Defense
   Defense                  Defense                  Time % Phy DF OF 
 1 Kris Letang              Ryan McDonagh            60     1   2  2  
 2 Zdeno Chara              Alex Goligoski           40     1   2  2  

4 vs 4 Forward 
   Center                   Wing                     Time % Phy DF OF 
 1 Mika Zibanejad           Jonathan Toews           60     1   2  2  
 2 Tyler Seguin             Matthew Tkachuk          40     1   2  2  

4 vs 4 Defense
   Defense                  Defense                  Time % Phy DF OF 
 1 Kris Letang              Ryan McDonagh            60     1   2  2  
 2 Zdeno Chara              Alex Goligoski           40     1   2  2  

Last Minutes Offensive
   Center                   Left Wing                Right Wing               Defense                  Defense                  
   Mika Zibanejad           Tyler Seguin             Mike Hoffman             Kris Letang              Ryan McDonagh            

Last Minutes Defensive
   Center                   Left Wing                Right Wing               Defense                  Defense                  
   Mika Zibanejad           Tyler Seguin             Mike Hoffman             Kris Letang              Ryan McDonagh            

Goaltenders
Starting : Jaroslav Halak           
Backup : Devin Williams           

Extra Forwards
Normal : Vladislav Namestnikov, Artem Anisimov, Nick Cousins - PP : Vladislav Namestnikov, Artem Anisimov - PK : Nick Cousins
Extra Defensemen
Normal : Johnny Boychuk, Josh Manson, Tim Heed - PP : Johnny Boychuk - PK : Josh Manson, Tim Heed
Penalty Shots
Mika Zibanejad, Jonathan Toews, Tyler Seguin, Mike Hoffman, Nick Bonino

Scratches
Valentin Zykov (Healthy), Antti Raanta (Suspend)

VEGAS

5 vs 5 Forward 
   Center                   Left Wing                Right Wing               Time % Phy DF OF 
 1 Sam Reinhart             Oliver Bjorkstrand       Vladimir Tarasenko       35     1   2  2  
 2 Jonathan Marchessault    Ondrej Kase              Josh Anderson            30     1   2  2  
 3 Cody Glass               Max Comtois              Morgan Frost             25     1   2  2  
 4 Jayce Hawryluk           Colin Wilson             Matt Luff                10     1   2  2  

5 vs 5 Defense 
   Defense                  Defense                                           Time % Phy DF OF 
 1 Jake Muzzin              Noah Hanifin                                      35     1   2  2  
 2 Nikita Zadorov           Devon Toews                                       30     1   2  2  
 3 Braydon Coburn           Slater Koekkoek                                   25     1   2  2  
 4 Jake Muzzin              Noah Hanifin                                      10     1   2  2  

PowerPlay Forward 
   Center                   Left Wing                Right Wing               Time % Phy DF OF 
 1 Sam Reinhart             Oliver Bjorkstrand       Vladimir Tarasenko       60     1   2  2  
 2 Jonathan Marchessault    Josh Anderson            Ondrej Kase              40     1   2  2  

PowerPlay Defense
   Defense                  Defense                                           Time % Phy DF OF 
 1 Jake Muzzin              Noah Hanifin                                      60     1   2  2  
 2 Nikita Zadorov           Devon Toews                                       40     1   2  2  

Penalty Kill 4 Players Forward 
   Center                   Wing                     Time % Phy DF OF 
 1 Sam Reinhart             Josh Anderson            60     1   2  2  
 2 Jonathan Marchessault    Oliver Bjorkstrand       40     1   2  2  

Penalty Kill 4 Players Defense
   Defense                  Defense                  Time % Phy DF OF 
 1 Jake Muzzin              Noah Hanifin             60     1   2  2  
 2 Nikita Zadorov           Devon Toews              40     1   2  2  

Penalty Kill - 3 Players Forward 
   Forward                                           Time % Phy DF OF 
 1 Jonathan Marchessault                             60     1   2  2  
 2 Sam Reinhart                                      40     1   2  2  

Penalty Kill - 3 Players Defense
   Defense                  Defense                  Time % Phy DF OF 
 1 Jake Muzzin              Noah Hanifin             60     1   2  2  
 2 Nikita Zadorov           Devon Toews              40     1   2  2  

4 vs 4 Forward 
   Center                   Wing                     Time % Phy DF OF 
 1 Vladimir Tarasenko       Sam Reinhart             60     1   2  2  
 2 Jonathan Marchessault    Oliver Bjorkstrand       40     1   2  2  

4 vs 4 Defense
   Defense                  Defense                  Time % Phy DF OF 
 1 Jake Muzzin              Noah Hanifin             60     1   2  2  
 2 Nikita Zadorov           Devon Toews              40     1   2  2  

Last Minutes Offensive
   Center                   Left Wing                Right Wing               Defense                  Defense                  
   Sam Reinhart             Oliver Bjorkstrand       Vladimir Tarasenko       Jake Muzzin              Noah Hanifin             

Last Minutes Defensive
   Center                   Left Wing                Right Wing               Defense                  Defense                  
   Jonathan Marchessault    Oliver Bjorkstrand       Josh Anderson            Jake Muzzin              Noah Hanifin             

Goaltenders
Starting : Tristan Jarry            
Backup : Braden Holtby            

Extra Forwards
Normal : Max Comtois, Cody Glass, Colin Wilson - PP : Cody Glass, Max Comtois - PK : Max Comtois
Extra Defensemen
Normal : Braydon Coburn, Slater Koekkoek, Nikita Zadorov - PP : Braydon Coburn - PK : Slater Koekkoek, Nikita Zadorov
Penalty Shots
Vladimir Tarasenko, Sam Reinhart, Jonathan Marchessault, Oliver Bjorkstrand, Josh Anderson

Scratches
VGK Cap Hit (Suspend)

% Time on Ice - LOS ANGELES

Lines # - Real PCT - Wanted PCT - Time Play
Normal Forward
1 - 33% - 35% - 15:22
2 - 26% - 30% - 12:13
3 - 26% - 25% - 12:08
4 - 15% - 10% - 6:48
Normal Defense
1 - 32% - 35% - 15:05
2 - 31% - 30% - 14:13
3 - 28% - 25% - 12:55
4 - 9% - 10% - 4:18
PP Forward
1 - 40% - 60% - 2:40
2 - 60% - 40% - 4:03
PP Defense
1 - 50% - 60% - 3:21
2 - 50% - 40% - 3:22
PK Forward
1 - 68% - 60% - 4:35
2 - 32% - 40% - 2:11
PK Defense
1 - 47% - 60% - 3:09
2 - 53% - 40% - 3:37
PK3 Forward
1 - 0% - 60%
2 - 0% - 40%
PK3 Defense
1 - 0% - 60%
2 - 0% - 40%
44 Forward
1 - 100% - 60% - 1:43
2 - 0% - 40% - 0:00
44 Defense
1 - 71% - 60% - 1:13
2 - 29% - 40% - 0:30
Last Minute Offensive  - 0:00
Last Minute Defensive  - 0:00
Total
Forward - 61:43
Defense - 61:43

% Time on Ice - VEGAS

Lines # - Real PCT - Wanted PCT - Time Play
Normal Forward
1 - 32% - 35% - 14:52
2 - 27% - 30% - 12:41
3 - 27% - 25% - 12:37
4 - 14% - 10% - 6:21
Normal Defense
1 - 31% - 35% - 14:36
2 - 32% - 30% - 14:46
3 - 33% - 25% - 15:24
4 - 4% - 10% - 1:45
PP Forward
1 - 51% - 60% - 3:29
2 - 49% - 40% - 3:17
PP Defense
1 - 54% - 60% - 3:38
2 - 46% - 40% - 3:08
PK Forward
1 - 69% - 60% - 4:39
2 - 31% - 40% - 2:04
PK Defense
1 - 46% - 60% - 3:06
2 - 54% - 40% - 3:37
PK3 Forward
1 - 96% - 60% - 1:39
2 - 4% - 40% - 0:04
PK3 Defense
1 - 59% - 60% - 1:01
2 - 41% - 40% - 0:42
44 Forward
1 - 0% - 60%
2 - 0% - 40%
44 Defense
1 - 0% - 60%
2 - 0% - 40%
Last Minute Offensive  - 0:00
Last Minute Defensive  - 0:00
Total
Forward - 61:43
Defense - 61:43

Play-by-Play

1st period


0:01 of 1st period - Sam Reinhart wins face-off versus Mika Zibanejad in neutral zone.
0:27 of 1st period - Off-side.
0:28 of 1st period - Jonathan Toews wins face-off versus Jonathan Marchessault in neutral zone.
0:31 of 1st period - Shot by Jonathan Toews.
0:31 of 1st period - Stopped by Tristan Jarry with a rebound.
1:00 of 1st period - Off-side.
1:01 of 1st period - Cody Glass wins face-off versus Travis Zajac in neutral zone.
1:24 of 1st period - Artem Anisimov is hit by Slater Koekkoek and loses puck.
1:29 of 1st period - Shot by Travis Zajac.
1:29 of 1st period - Stopped by Tristan Jarry without a rebound.
1:30 of 1st period - Riley Nash wins face-off versus Jayce Hawryluk in VEGAS zone.
1:30 of 1st period - Nick Cousins is hit by Jake Muzzin.
1:35 of 1st period - Jake Muzzin is hit by Kris Letang and loses puck.
1:45 of 1st period - Icing by Kris Letang.
1:46 of 1st period - Sam Reinhart wins face-off versus Riley Nash in LOS ANGELES zone.
2:12 of 1st period - Sam Reinhart is hit by Kris Letang and loses puck.
2:39 of 1st period - Icing by Jake Muzzin.
2:40 of 1st period - Mika Zibanejad wins face-off versus Jonathan Marchessault in VEGAS zone.
2:43 of 1st period - Shot by Matthew Tkachuk.
2:43 of 1st period - Stopped by Tristan Jarry without a rebound.
2:44 of 1st period - Cody Glass wins face-off versus Mika Zibanejad in VEGAS zone.
2:44 of 1st period - Cody Glass is hit by Matthew Tkachuk.
3:04 of 1st period - Shot by Max Comtois.
3:04 of 1st period - Shot Misses the Net.
3:33 of 1st period - Shot by Jonathan Marchessault.
3:33 of 1st period - Shot Blocked by Alex Goligoski.
3:37 of 1st period - Shot by Slater Koekkoek.
3:37 of 1st period - Goal by Slater Koekkoek - LOS ANGELES : 0 - VEGAS : 1.
3:38 of 1st period - Jayce Hawryluk wins face-off versus Jonathan Toews in neutral zone.
4:02 of 1st period - Kris Letang is hit by Jayce Hawryluk and loses puck.
4:08 of 1st period - Mike Hoffman is hit by Jayce Hawryluk and loses puck.
4:13 of 1st period - Colin Wilson is hit by Nick Bonino.
4:59 of 1st period - Shot by Josh Anderson.
4:59 of 1st period - Shot Blocked by Johnny Boychuk.
5:33 of 1st period - Shot by Oliver Bjorkstrand.
5:33 of 1st period - Stopped by Jaroslav Halak with a rebound.
6:11 of 1st period - Nikita Zadorov is hit by Gabriel Bourque and loses puck.
7:51 of 1st period - Shot by Mike Hoffman.
7:51 of 1st period - Shot Misses the Net.
8:48 of 1st period - Off-side.
8:49 of 1st period - Cody Glass wins face-off versus Travis Zajac in neutral zone.
8:56 of 1st period - Shot by Nikita Zadorov.
8:56 of 1st period - Shot Blocked by Travis Zajac.
8:58 of 1st period - Shot by Nikita Zadorov.
8:58 of 1st period - Stopped by Jaroslav Halak without a rebound.
8:59 of 1st period - Jonathan Marchessault wins face-off versus Matthew Tkachuk in LOS ANGELES zone.
9:03 of 1st period - Icing by Ryan McDonagh.
9:04 of 1st period - Jonathan Marchessault wins face-off versus Mika Zibanejad in LOS ANGELES zone.
9:31 of 1st period - Shot by Mika Zibanejad.
9:31 of 1st period - Shot Misses the Net.
10:03 of 1st period - Travis Zajac is hit by Vladimir Tarasenko and loses puck.
10:26 of 1st period - Shot by Oliver Bjorkstrand.
10:26 of 1st period - Shot Misses the Net.
10:28 of 1st period - Shot by Sam Reinhart.
10:28 of 1st period - Shot Blocked by Josh Manson.
10:30 of 1st period - Shot by Devon Toews.
10:30 of 1st period - Stopped by Jaroslav Halak without a rebound.
10:31 of 1st period - Jonathan Toews wins face-off versus Cody Glass in LOS ANGELES zone.
10:49 of 1st period - Shot by Mike Hoffman.
10:49 of 1st period - Deflect By Nick Bonino.
10:49 of 1st period - Shot Misses the Net.
10:51 of 1st period - Shot by Mike Hoffman.
10:51 of 1st period - Goal by Mike Hoffman - LOS ANGELES : 1 - VEGAS : 1.
10:52 of 1st period - Tyler Seguin wins face-off versus Jayce Hawryluk in neutral zone.
10:54 of 1st period - Ryan McDonagh is hit by Jake Muzzin and loses puck.
12:27 of 1st period - Minor Penalty to Nikita Zadorov for Cross-checking.
12:28 of 1st period - Nick Bonino wins face-off versus Max Comtois in VEGAS zone.
12:29 of 1st period - Shot by Zdeno Chara.
12:29 of 1st period - Shot Misses the Net.
12:31 of 1st period - Shot by Alex Goligoski.
12:31 of 1st period - Shot Misses the Net.
12:33 of 1st period - Shot by Zdeno Chara.
12:33 of 1st period - Stopped by Tristan Jarry without a rebound.
12:34 of 1st period - Mika Zibanejad wins face-off versus Sam Reinhart in VEGAS zone.
12:56 of 1st period - Mika Zibanejad is hit by Slater Koekkoek and loses puck.
13:23 of 1st period - Shot by Mike Hoffman.
13:23 of 1st period - Deflect By Jonathan Toews.
13:23 of 1st period - Stopped by Tristan Jarry without a rebound.
13:24 of 1st period - Jonathan Toews wins face-off versus Sam Reinhart in VEGAS zone.
13:29 of 1st period - Shot by Jonathan Toews.
13:29 of 1st period - Shot Misses the Net.
13:35 of 1st period - Alex Goligoski is hit by Josh Anderson and loses puck.
14:02 of 1st period - Shot by Jonathan Marchessault.
14:02 of 1st period - Shot Blocked by Alex Goligoski.
14:07 of 1st period - Icing by Alex Goligoski.
14:08 of 1st period - Sam Reinhart wins face-off versus Jonathan Toews in LOS ANGELES zone.
14:49 of 1st period - Off-side.
14:50 of 1st period - Mika Zibanejad wins face-off versus Jayce Hawryluk in neutral zone.
15:09 of 1st period - Shot by Mika Zibanejad.
15:09 of 1st period - Stopped by Tristan Jarry without a rebound.
15:10 of 1st period - Travis Zajac wins face-off versus Cody Glass in VEGAS zone.
15:10 of 1st period - Travis Zajac is hit by Nikita Zadorov.
15:16 of 1st period - Shot by Travis Zajac.
15:16 of 1st period - Shot Misses the Net.
15:18 of 1st period - Shot by Josh Manson.
15:18 of 1st period - Shot Misses the Net.
15:20 of 1st period - Shot by Travis Zajac.
15:20 of 1st period - Deflect By Vladislav Namestnikov.
15:20 of 1st period - Stopped by Tristan Jarry with a rebound.
16:03 of 1st period - Icing by Josh Anderson.
16:04 of 1st period - Jonathan Marchessault wins face-off versus Mika Zibanejad in VEGAS zone.
16:23 of 1st period - Shot by Mika Zibanejad.
16:23 of 1st period - Shot Misses the Net.
16:39 of 1st period - Shot by Tyler Seguin.
16:39 of 1st period - Stopped by Tristan Jarry without a rebound.
16:40 of 1st period - Sam Reinhart wins face-off versus Jonathan Toews in VEGAS zone.
17:05 of 1st period - Shot by Vladimir Tarasenko.
17:05 of 1st period - Deflect By Sam Reinhart.
17:05 of 1st period - Shot Misses the Net.
17:09 of 1st period - Shot by Sam Reinhart.
17:09 of 1st period - Goal by Sam Reinhart - LOS ANGELES : 1 - VEGAS : 2.
17:10 of 1st period - Travis Zajac wins face-off versus Cody Glass in neutral zone.
17:34 of 1st period - Icing by Devon Toews.
17:35 of 1st period - Cody Glass wins face-off versus Matthew Tkachuk in VEGAS zone.
17:50 of 1st period - Shot by Morgan Frost.
17:50 of 1st period - Shot Misses the Net.
17:52 of 1st period - Shot by Morgan Frost.
17:52 of 1st period - Shot Blocked by Kris Letang.
18:02 of 1st period - Shot by Mika Zibanejad.
18:02 of 1st period - Shot Misses the Net.
18:08 of 1st period - Shot by Matthew Tkachuk.
18:08 of 1st period - Shot Blocked by Devon Toews.
18:46 of 1st period - Nick Bonino is hit by Vladimir Tarasenko.
18:56 of 1st period - Shot by Jonathan Toews.
18:56 of 1st period - Stopped by Tristan Jarry with a rebound.
19:07 of 1st period - Icing by Zdeno Chara.
19:08 of 1st period - Jonathan Toews wins face-off versus Jonathan Marchessault in LOS ANGELES zone.
19:28 of 1st period - Icing by Slater Koekkoek.
19:29 of 1st period - Jonathan Marchessault wins face-off versus Riley Nash in VEGAS zone.
19:29 of 1st period - Jonathan Marchessault is hit by Gabriel Bourque.
19:50 of 1st period - Shot by Gabriel Bourque.
19:50 of 1st period - Shot Misses the Net.
Goals for this period are 1 for LOS ANGELES vs 2 for VEGAS.
Shots for this period are 10 for LOS ANGELES vs 5 for VEGAS.

2nd period


0:01 of 2nd period - Jonathan Toews wins face-off versus Sam Reinhart in neutral zone.
1:14 of 2nd period - Shot by Matthew Tkachuk.
1:14 of 2nd period - Stopped by Tristan Jarry with a rebound.
1:16 of 2nd period - Shot by Mika Zibanejad.
1:16 of 2nd period - Stopped by Tristan Jarry without a rebound.
1:17 of 2nd period - Travis Zajac wins face-off versus Cody Glass in VEGAS zone.
1:17 of 2nd period - Travis Zajac is hit by Nikita Zadorov.
1:24 of 2nd period - Artem Anisimov is hit by Nikita Zadorov and loses puck.
1:52 of 2nd period - Vladislav Namestnikov is hit by Max Comtois and loses puck.
2:02 of 2nd period - Icing by Josh Manson.
2:03 of 2nd period - Travis Zajac wins face-off versus Sam Reinhart in LOS ANGELES zone.
2:05 of 2nd period - Johnny Boychuk is hit by Sam Reinhart and loses puck.
4:18 of 2nd period - Minor Penalty to Nikita Zadorov for Holding.
4:19 of 2nd period - Sam Reinhart wins face-off versus Jonathan Toews in VEGAS zone.
4:19 of 2nd period - Sam Reinhart is hit by Jonathan Toews.
5:15 of 2nd period - Shot by Tim Heed.
5:15 of 2nd period - Shot Misses the Net.
5:17 of 2nd period - Shot by Johnny Boychuk.
5:17 of 2nd period - Shot Misses the Net.
5:19 of 2nd period - Shot by Tim Heed.
5:19 of 2nd period - Shot Misses the Net.
5:43 of 2nd period - Shot by Tyler Seguin.
5:43 of 2nd period - Stopped by Tristan Jarry without a rebound.
5:44 of 2nd period - Jonathan Toews wins face-off versus Sam Reinhart in VEGAS zone.
6:10 of 2nd period - Icing by Alex Goligoski.
6:11 of 2nd period - Jonathan Toews wins face-off versus Sam Reinhart in LOS ANGELES zone.
6:19 of 2nd period - Off-side.
6:20 of 2nd period - Jayce Hawryluk wins face-off versus Artem Anisimov in neutral zone.
6:25 of 2nd period - Shot by Colin Wilson.
6:25 of 2nd period - Deflect By Matt Luff.
6:25 of 2nd period - Shot Misses the Net.
6:40 of 2nd period - Vladislav Namestnikov is hit by Braydon Coburn and loses puck.
6:45 of 2nd period - Shot by Vladislav Namestnikov.
6:45 of 2nd period - Shot Blocked by Colin Wilson.
6:53 of 2nd period - Shot by Travis Zajac.
6:53 of 2nd period - Stopped by Tristan Jarry without a rebound.
6:54 of 2nd period - Oliver Bjorkstrand wins face-off versus Mika Zibanejad in VEGAS zone.
7:25 of 2nd period - Shot by Mika Zibanejad.
7:25 of 2nd period - Stopped by Tristan Jarry without a rebound.
7:26 of 2nd period - Jonathan Toews wins face-off versus Jonathan Marchessault in VEGAS zone.
7:34 of 2nd period - Shot by Nick Bonino.
7:34 of 2nd period - Shot Blocked by Josh Anderson.
7:37 of 2nd period - Nick Bonino is hit by Nikita Zadorov.
7:58 of 2nd period - Shot by Nick Bonino.
7:58 of 2nd period - Shot Hit the Post.
8:00 of 2nd period - Shot by Tim Heed.
8:00 of 2nd period - Shot Misses the Net.
8:02 of 2nd period - Shot by Kris Letang.
8:02 of 2nd period - Stopped by Tristan Jarry without a rebound.
8:03 of 2nd period - Sam Reinhart wins face-off versus Matthew Tkachuk in VEGAS zone.
10:07 of 2nd period - Icing by Nikita Zadorov.
10:08 of 2nd period - Jonathan Marchessault wins face-off versus Travis Zajac in VEGAS zone.
10:08 of 2nd period - Jonathan Marchessault is hit by Vladislav Namestnikov.
10:15 of 2nd period - Icing by Nikita Zadorov.
10:16 of 2nd period - Travis Zajac wins face-off versus Jonathan Marchessault in VEGAS zone.
10:19 of 2nd period - Shot by Vladislav Namestnikov.
10:19 of 2nd period - Deflect By Artem Anisimov.
10:19 of 2nd period - Stopped by Tristan Jarry without a rebound.
10:20 of 2nd period - Jonathan Toews wins face-off versus Sam Reinhart in VEGAS zone.
10:31 of 2nd period - Shot by Nick Bonino.
10:31 of 2nd period - Shot Misses the Net.
10:50 of 2nd period - Minor Penalty to Noah Hanifin for Hooking.
10:51 of 2nd period - Jonathan Toews wins face-off versus Sam Reinhart in VEGAS zone.
10:51 of 2nd period - Kris Letang is hit by Nikita Zadorov and loses puck.
11:08 of 2nd period - Shot by Jonathan Toews.
11:08 of 2nd period - Deflect By Mike Hoffman.
11:08 of 2nd period - Goal by Mike Hoffman - LOS ANGELES : 2 - VEGAS : 2.
11:09 of 2nd period - Cody Glass wins face-off versus Travis Zajac in neutral zone.
11:25 of 2nd period - Minor Penalty to Josh Manson for Tripping.
11:26 of 2nd period - Mika Zibanejad wins face-off versus Jonathan Marchessault in LOS ANGELES zone.
11:48 of 2nd period - Shot by Jonathan Marchessault.
11:48 of 2nd period - Deflect By Ondrej Kase.
11:48 of 2nd period - Stopped by Jaroslav Halak without a rebound.
11:49 of 2nd period - Sam Reinhart wins face-off versus Mika Zibanejad in LOS ANGELES zone.
11:54 of 2nd period - Shot by Devon Toews.
11:54 of 2nd period - Shot Misses the Net.
11:56 of 2nd period - Shot by Devon Toews.
11:56 of 2nd period - Deflect By Vladimir Tarasenko.
11:56 of 2nd period - Stopped by Jaroslav Halak without a rebound.
11:57 of 2nd period - Sam Reinhart wins face-off versus Mika Zibanejad in LOS ANGELES zone.
12:02 of 2nd period - Shot by Noah Hanifin.
12:02 of 2nd period - Stopped by Jaroslav Halak without a rebound.
12:03 of 2nd period - Mika Zibanejad wins face-off versus Sam Reinhart in LOS ANGELES zone.
12:36 of 2nd period - Alex Goligoski is hit by Oliver Bjorkstrand.
12:58 of 2nd period - Alex Goligoski is hit by Sam Reinhart and loses puck.
13:33 of 2nd period - Shot by Max Comtois.
13:33 of 2nd period - Shot Misses the Net.
13:41 of 2nd period - Shot by Max Comtois.
13:41 of 2nd period - Shot Misses the Net.
13:44 of 2nd period - Icing by Josh Manson.
13:45 of 2nd period - Jayce Hawryluk wins face-off versus Artem Anisimov in LOS ANGELES zone.
13:45 of 2nd period - Devon Toews is hit by Johnny Boychuk and loses puck.
14:09 of 2nd period - Devon Toews is hit by Josh Manson.
14:28 of 2nd period - Icing by Tyler Seguin.
14:29 of 2nd period - Mika Zibanejad wins face-off versus Jonathan Marchessault in LOS ANGELES zone.
14:34 of 2nd period - Shot by Mika Zibanejad.
14:34 of 2nd period - Shot Misses the Net.
15:21 of 2nd period - Noah Hanifin is hit by Kris Letang and loses puck.
15:30 of 2nd period - Shot by Vladimir Tarasenko.
15:30 of 2nd period - Stopped by Jaroslav Halak without a rebound.
15:31 of 2nd period - Jonathan Toews wins face-off versus Cody Glass in LOS ANGELES zone.
15:31 of 2nd period - Jonathan Toews is hit by Max Comtois.
15:57 of 2nd period - Shot by Cody Glass.
15:57 of 2nd period - Deflect By Max Comtois.
15:57 of 2nd period - Stopped by Jaroslav Halak without a rebound.
15:58 of 2nd period - Travis Zajac wins face-off versus Sam Reinhart in LOS ANGELES zone.
17:01 of 2nd period - Icing by Alex Goligoski.
17:02 of 2nd period - Riley Nash wins face-off versus Cody Glass in LOS ANGELES zone.
17:02 of 2nd period - Riley Nash is hit by Max Comtois.
17:05 of 2nd period - Minor Penalty to Max Comtois for Roughing.
17:06 of 2nd period - Mika Zibanejad wins face-off versus Sam Reinhart in VEGAS zone.
17:23 of 2nd period - Shot by Kris Letang.
17:23 of 2nd period - Shot Blocked by Nikita Zadorov.
17:25 of 2nd period - Shot by Kris Letang.
17:25 of 2nd period - Shot Misses the Net.
17:33 of 2nd period - Shot by Kris Letang.
17:33 of 2nd period - Deflect By Mika Zibanejad.
17:33 of 2nd period - Shot Misses the Net.
17:35 of 2nd period - Shot by Mika Zibanejad.
17:35 of 2nd period - Shot Misses the Net.
17:49 of 2nd period - Shot by Tyler Seguin.
17:49 of 2nd period - Stopped by Tristan Jarry with a rebound.
18:33 of 2nd period - Shot by Alex Goligoski.
18:33 of 2nd period - Shot Blocked by Noah Hanifin.
Goals for this period are 1 for LOS ANGELES vs 0 for VEGAS.
Shots for this period are 9 for LOS ANGELES vs 5 for VEGAS.

3rd period


0:01 of 3rd period - Jonathan Toews wins face-off versus Sam Reinhart in neutral zone.
0:04 of 3rd period - Jake Muzzin is hit by Jonathan Toews and loses puck.
0:15 of 3rd period - Shot by Mike Hoffman.
0:15 of 3rd period - Stopped by Tristan Jarry with a rebound.
1:09 of 3rd period - Icing by Kris Letang.
1:10 of 3rd period - Cody Glass wins face-off versus Jonathan Toews in LOS ANGELES zone.
1:15 of 3rd period - Shot by Slater Koekkoek.
1:15 of 3rd period - Stopped by Jaroslav Halak without a rebound.
1:16 of 3rd period - Cody Glass wins face-off versus Mika Zibanejad in LOS ANGELES zone.
1:48 of 3rd period - Shot by Mika Zibanejad.
1:48 of 3rd period - Deflect By Tyler Seguin.
1:48 of 3rd period - Stopped by Tristan Jarry without a rebound.
1:49 of 3rd period - Travis Zajac wins face-off versus Sam Reinhart in VEGAS zone.
2:09 of 3rd period - Shot by Travis Zajac.
2:09 of 3rd period - Stopped by Tristan Jarry without a rebound.
2:10 of 3rd period - Riley Nash wins face-off versus Jonathan Marchessault in VEGAS zone.
2:59 of 3rd period - Mika Zibanejad is hit by Josh Anderson and loses puck.
4:20 of 3rd period - Icing by Zdeno Chara.
4:21 of 3rd period - Mika Zibanejad wins face-off versus Jayce Hawryluk in LOS ANGELES zone.
4:36 of 3rd period - Shot by Matt Luff.
4:36 of 3rd period - Shot Blocked by Zdeno Chara.
4:51 of 3rd period - Icing by Nikita Zadorov.
4:52 of 3rd period - Jonathan Toews wins face-off versus Jayce Hawryluk in VEGAS zone.
6:23 of 3rd period - Shot by Ondrej Kase.
6:23 of 3rd period - Shot Misses the Net.
6:32 of 3rd period - Travis Zajac is hit by Slater Koekkoek and loses puck.
6:44 of 3rd period - Icing by Slater Koekkoek.
6:45 of 3rd period - Jonathan Marchessault wins face-off versus Riley Nash in VEGAS zone.
7:11 of 3rd period - Minor Penalty to Braydon Coburn for Holding.
7:12 of 3rd period - Sam Reinhart wins face-off versus Tyler Seguin in VEGAS zone.
7:23 of 3rd period - Shot by Alex Goligoski.
7:23 of 3rd period - Goal by Alex Goligoski - LOS ANGELES : 3 - VEGAS : 2.
7:24 of 3rd period - Travis Zajac wins face-off versus Sam Reinhart in neutral zone.
7:39 of 3rd period - Shot by Vladislav Namestnikov.
7:39 of 3rd period - Shot Misses the Net.
8:37 of 3rd period - Zdeno Chara is hit by Max Comtois.
8:41 of 3rd period - Shot by Jonathan Toews.
8:41 of 3rd period - Deflect By Mike Hoffman.
8:41 of 3rd period - Stopped by Tristan Jarry without a rebound.
8:42 of 3rd period - Jayce Hawryluk wins face-off versus Mika Zibanejad in VEGAS zone.
8:44 of 3rd period - Icing by Noah Hanifin.
8:45 of 3rd period - Mika Zibanejad wins face-off versus Jayce Hawryluk in VEGAS zone.
8:49 of 3rd period - Minor Penalty to Matthew Tkachuk for Boarding.
8:50 of 3rd period - Jonathan Marchessault wins face-off versus Mika Zibanejad in LOS ANGELES zone.
8:53 of 3rd period - Shot by Noah Hanifin.
8:53 of 3rd period - Stopped by Jaroslav Halak without a rebound.
8:54 of 3rd period - Jonathan Marchessault wins face-off versus Mika Zibanejad in LOS ANGELES zone.
9:08 of 3rd period - Jonathan Marchessault is hit by Ryan McDonagh and loses puck.
9:23 of 3rd period - Shot by Ondrej Kase.
9:23 of 3rd period - Shot Misses the Net.
9:25 of 3rd period - Shot by Noah Hanifin.
9:25 of 3rd period - Shot Misses the Net.
9:27 of 3rd period - Shot by Noah Hanifin.
9:27 of 3rd period - Shot Misses the Net.
9:55 of 3rd period - Shot by Oliver Bjorkstrand.
9:55 of 3rd period - Stopped by Jaroslav Halak without a rebound.
9:56 of 3rd period - Mika Zibanejad wins face-off versus Sam Reinhart in LOS ANGELES zone.
10:07 of 3rd period - Shot by Devon Toews.
10:07 of 3rd period - Shot Misses the Net.
11:23 of 3rd period - Shot by Vladislav Namestnikov.
11:23 of 3rd period - Stopped by Tristan Jarry with a rebound.
11:56 of 3rd period - Shot by Riley Nash.
11:56 of 3rd period - Shot Misses the Net.
11:58 of 3rd period - Shot by Nick Cousins.
11:58 of 3rd period - Shot Misses the Net.
12:04 of 3rd period - Shot by Nick Cousins.
12:04 of 3rd period - Shot Hit the Post.
12:43 of 3rd period - Off-side.
12:44 of 3rd period - Sam Reinhart wins face-off versus Mika Zibanejad in neutral zone.
12:57 of 3rd period - Johnny Boychuk is hit by Sam Reinhart and loses puck.
13:13 of 3rd period - Minor Penalty to Tyler Seguin for Roughing.
13:14 of 3rd period - Mika Zibanejad wins face-off versus Jonathan Marchessault in LOS ANGELES zone.
14:47 of 3rd period - Shot by Vladimir Tarasenko.
14:47 of 3rd period - Shot Misses the Net.
15:00 of 3rd period - Icing by Devon Toews.
15:01 of 3rd period - Nick Cousins wins face-off versus Jonathan Marchessault in VEGAS zone.
15:26 of 3rd period - Colin Wilson is hit by Josh Manson and loses puck.
15:34 of 3rd period - Minor Penalty to Josh Manson for Hooking.
15:35 of 3rd period - Mika Zibanejad wins face-off versus Sam Reinhart in LOS ANGELES zone.
16:01 of 3rd period - Vladimir Tarasenko is hit by Zdeno Chara.
16:21 of 3rd period - Shot by Jonathan Marchessault.
16:21 of 3rd period - Shot Misses the Net.
16:23 of 3rd period - Shot by Jake Muzzin.
16:23 of 3rd period - Goal by Jake Muzzin - LOS ANGELES : 3 - VEGAS : 3.
16:24 of 3rd period - Travis Zajac wins face-off versus Cody Glass in neutral zone.
16:33 of 3rd period - Shot by Travis Zajac.
16:33 of 3rd period - Stopped by Tristan Jarry without a rebound.
16:34 of 3rd period - Jayce Hawryluk wins face-off versus Riley Nash in VEGAS zone.
16:39 of 3rd period - Kris Letang is hit by Jayce Hawryluk and loses puck.
17:22 of 3rd period - Icing by Gabriel Bourque.
17:23 of 3rd period - Riley Nash wins face-off versus Jonathan Marchessault in LOS ANGELES zone.
17:43 of 3rd period - Shot by Jonathan Marchessault.
17:43 of 3rd period - Shot Misses the Net.
17:53 of 3rd period - Shot by Artem Anisimov.
17:53 of 3rd period - Shot Misses the Net.
17:55 of 3rd period - Shot by Vladislav Namestnikov.
17:55 of 3rd period - Stopped by Tristan Jarry without a rebound.
17:56 of 3rd period - Mika Zibanejad wins face-off versus Vladimir Tarasenko in VEGAS zone.
18:13 of 3rd period - Icing by Vladimir Tarasenko.
18:14 of 3rd period - Jonathan Toews wins face-off versus Sam Reinhart in VEGAS zone.
18:25 of 3rd period - Shot by Jonathan Toews.
18:25 of 3rd period - Shot Misses the Net.
18:43 of 3rd period - Shot by Oliver Bjorkstrand.
18:43 of 3rd period - Shot Misses the Net.
18:45 of 3rd period - Shot by Devon Toews.
18:45 of 3rd period - Shot Blocked by Alex Goligoski.
19:22 of 3rd period - Shot by Jonathan Marchessault.
19:22 of 3rd period - Stopped by Jaroslav Halak with a rebound.
19:28 of 3rd period - Shot by Ondrej Kase.
19:28 of 3rd period - Shot Blocked by Ryan McDonagh.
19:43 of 3rd period - Minor Penalty to Braydon Coburn for Slashing.
19:44 of 3rd period - Sam Reinhart wins face-off versus Jonathan Toews in VEGAS zone.
Goals for this period are 1 for LOS ANGELES vs 1 for VEGAS.
Shots for this period are 8 for LOS ANGELES vs 5 for VEGAS.

Overtime #1


0:01 of 1st overtime period - Jonathan Marchessault wins face-off versus Mika Zibanejad in neutral zone.
0:09 of 1st overtime period - Icing by Kris Letang.
0:10 of 1st overtime period - Jonathan Marchessault wins face-off versus Mika Zibanejad in LOS ANGELES zone.
0:41 of 1st overtime period - Shot by Mika Zibanejad.
0:41 of 1st overtime period - Stopped by Tristan Jarry without a rebound.
0:42 of 1st overtime period - Jonathan Toews wins face-off versus Jonathan Marchessault in VEGAS zone.
0:49 of 1st overtime period - Shot by Jonathan Toews.
0:49 of 1st overtime period - Stopped by Tristan Jarry without a rebound.
0:50 of 1st overtime period - Jonathan Marchessault wins face-off versus Mika Zibanejad in VEGAS zone.
1:09 of 1st overtime period - Shot by Jonathan Toews.
1:09 of 1st overtime period - Shot Misses the Net.
1:11 of 1st overtime period - Shot by Zdeno Chara.
1:11 of 1st overtime period - Stopped by Tristan Jarry without a rebound.
1:12 of 1st overtime period - Mika Zibanejad wins face-off versus Jonathan Marchessault in VEGAS zone.
1:17 of 1st overtime period - Shot by Mika Zibanejad.
1:17 of 1st overtime period - Stopped by Tristan Jarry without a rebound.
1:18 of 1st overtime period - Mika Zibanejad wins face-off versus Jonathan Marchessault in VEGAS zone.
1:50 of 1st overtime period - Shot by Mike Hoffman.
1:50 of 1st overtime period - Shot Blocked by Jayce Hawryluk.
1:56 of 1st overtime period - Shot by Mike Hoffman.
1:56 of 1st overtime period - Shot Misses the Net.
2:00 of 1st overtime period - Shot by Mike Hoffman.
2:00 of 1st overtime period - Shot Misses the Net.
2:02 of 1st overtime period - Shot by Mike Hoffman.
2:02 of 1st overtime period - Stopped by Tristan Jarry without a rebound.
2:03 of 1st overtime period - Jonathan Toews wins face-off versus Jayce Hawryluk in VEGAS zone.
3:14 of 1st overtime period - Icing by Travis Zajac.
3:15 of 1st overtime period - Jayce Hawryluk wins face-off versus Jonathan Toews in LOS ANGELES zone.
3:34 of 1st overtime period - Shot by Jayce Hawryluk.
3:34 of 1st overtime period - Goal by Jayce Hawryluk - LOS ANGELES : 3 - VEGAS : 4.
Goals for this period are 0 for LOS ANGELES vs 1 for VEGAS.
Shots for this period are 5 for LOS ANGELES vs 1 for VEGAS.